 Dungeon Crawl Stone Soup version 0.24.0-123-gd5b16e6ec5 (webtiles) character file.

Game seed: 3823724388484935821, levelgen mode: deterministic

1639 Brozuf the Cleaver (level 9, -3/69 HPs)
             Began as a Human Fighter on Dec 28, 2019.
             Was an Initiate of Gozag.
             Killed by nerve-wracking pain
             ... invoked by Grinder
              (6 damage)
             ... on level 6 of the Dungeon.
             The game lasted 00:20:50 (9140 turns).

Brozuf the Cleaver (Human Fighter)                  Turns: 9140, Time: 00:20:51

Health: -3/69      AC:  8    Str: 19    XL:     9   Next: 18%
Magic:  9/9        EV:  7    Int:  9    God:    Gozag
Gold:   458        SH: 10    Dex: 13    Spells: 8/8 levels left

rFire    . . .     SeeInvis .   a - +0 war axe
rCold    . . .     Gourm    .   c - +0 shield
rNeg     . . .     Faith    .   t - +0 scale mail
rPois    .         Spirit   .   (no helmet)
rElec    .         Reflect  .   (no cloak)
rCorr    +         Harm     .   (no gloves)
MR       .....                  s - +1 pair of boots
Stlth    ..........             (no amulet)
HPRegen  0.21/turn              (no ring)
MPRegen  0.11/turn              p - ring of resist corrosion

@: no status effects
A: no striking features
a: Potion Petition, Call Merchant, Bribe Branch, Renounce Religion


You were on level 6 of the Dungeon.
You worshipped Gozag.
Gozag was aware of your devotion.
You were not hungry.

You visited 1 branch of the dungeon, and saw 7 of its levels.

You collected 566 gold pieces.
You paid 108 gold pieces to Gozag.

Inventory:

Hand Weapons
 a - a +0 war axe (weapon)
 b - a +1 flail of draining
   (You took it off an orc on level 2 of the Dungeon)
 g - a +3 flail of holy wrath
   (You took it off an orc on level 4 of the Dungeon)
 o - a +1 dagger of venom
   (You found it on level 2 of the Dungeon)
Armour
 c - a +0 shield (worn)
 s - a +1 pair of boots (worn)
   (You found it on level 3 of the Dungeon)
 t - a +0 scale mail (worn)
Jewellery
 p - a ring of resist corrosion (right hand)
   (You found it on level 2 of the Dungeon)
Wands
 d - a wand of iceblast (9)
   (You found it on level 7 of the Dungeon)
 v - a wand of digging (5)
   (You found it on level 5 of the Dungeon)
Scrolls
 f - 2 scrolls of fear {unknown}
 h - 2 scrolls of enchant armour
 i - a scroll of noise {unknown}
 j - 3 scrolls of remove curse {@r2}
 k - 3 scrolls of teleportation {unknown}
 m - a scroll of amnesia {unknown}
 r - a scroll of blinking
 w - 5 scrolls of enchant weapon {unknown}
 y - a scroll of immolation {unknown}
 A - a scroll of magic mapping {unknown}
Potions
 l - a potion of cancellation
 n - 4 potions of curing {@q1}
 q - 2 potions of resistance
 u - a potion of haste {@q3}
 x - a potion of flight
 z - a potion of berserk rage
 B - 3 potions of heal wounds {@q2}
 C - a potion of agility
 D - a potion of might
Comestibles
 e - 7 rations {!d}


   Skills:
 + Level 6.2 Fighting
 * Level 8.1 Axes
 - Level 3.0 Armour
 + Level 6.3 Shields


You had 8 spell levels left.
You didn't know any spells.
Your spell library was empty.

Dungeon Overview and Level Annotations

Branches:
Dungeon (7/15)             Temple (0/1) D:6

Altars:
Elyvilon
Gozag
Hepliaklqana
Kikubaaqudgha
Sif Muna
Trog
Vehumet
Zin

Shops:
D:5 [(*

Annotations:
D:5 1 runed translucent door, Thomus's ghost, novice DECj
D:6 Grinder; Sigmund


Message History

You see here a poisoned dart.
An orc comes into view. It is wielding a +0 club.
The orc wizard gestures at you while chanting.
You easily resist.
An orc wizard comes into view. It is wielding a +0 dagger.
The orc hits you with a +0 hand axe.
* * * LOW HITPOINT WARNING * * *
The orc wizard casts a spell.
The orc wizard flickers and vanishes!
The orc hits you but does no damage.
The orc throws a poisoned dart.
The poisoned dart barely misses you.
The orc throws a poisoned dart.
The poisoned dart barely misses you.
Okay, then.
A scorpion comes into view.
Found 15 arrows.
The orc throws a poisoned dart.
The poisoned dart hits you!
You are poisoned.
You see here a poisoned dart.
You feel sick.
The orc throws a poisoned dart.
You block the poisoned dart.
You see here a poisoned dart.
You feel sick.
You feel sick.
You feel sick.
You feel sick.
A magic dart appears from out of thin air!
The magic dart hits you.
* * * LOW HITPOINT WARNING * * *
There is an open door, spattered with blood here.
You feel sick.
You feel sick.
A puff of flame appears from out of thin air!
The puff of flame hits you.
* * * LOW HITPOINT WARNING * * *
There is an open door here.
You feel sick.
You close the door.
You feel sick.
Something unseen opens the door.
You feel sick.
The orc wizard gestures at you while chanting.
You easily resist.
You feel sick.
You are no longer poisoned.
Grinder gestures at you. You resist with some effort.
There is a fountain of clear blue water here.
There is a staircase to the Ecumenical Temple here.
You can't go up here!
Grinder gestures at you. Pain shoots through your body!
You die...
Your body crumbles into a pile of gold.

#####..## ####.######..###.##..#
..###..########.###.##..###.##..#
........o....................#...
>............................#...
#######..##.###...###...######..#
##.########.# #.⌠.# #...######..#
.#...#.....o###...###.....#......
.+...#..........5.........#......
####.####..>.⌠..@..⌠....######..#
####.####...............######..#
............###...###....#..#...#
............# #.⌠.# #..(.'..#...<
#.########..###[..#####.##'###..#
#.###..###..##.#..##.##.##.###..#
...............#................#
..........[....#.................
.#.#.#.........#.................


You could see Grinder and an orc wizard.

Vanquished Creatures
  2 ice beasts (D:6)
  3 sky beasts
  An ogre (D:5)
  2 centaurs (D:5)
  A bullfrog (D:6)
  A water moccasin skeleton (D:5)
  A vampire bat (D:2)
  A howler monkey (D:4)
  4 crimson imps
  5 orc priests
  3 hounds
  An orc wizard (D:6)
  A bullfrog skeleton (D:6)
  3 worker ants
  2 howler monkey skeletons (D:4)
  5 adders
  A shadow imp (D:6)
  An ooze (D:5)
  An adder zombie (D:3)
  4 worms (D:2)
  2 dart slugs
  7 leopard geckos
  37 orcs
  A bat skeleton (D:2)
  4 bat zombies (D:2)
  4 giant cockroaches
  5 goblins
  5 hobgoblins
  6 jackals
  3 kobolds
  2 quokkas
  A ball python skeleton (D:6)
  9 bats
  2 frilled lizards
  A giant cockroach zombie (D:6)
  A leopard gecko skeleton (D:6)
  8 rats
141 creatures vanquished.

Notes
Turn   | Place    | Note
-------+----------+-------------------------------------------
     0 | D:1      | Brozuf the Human Fighter began the quest for the Orb.
     0 | D:1      | Reached XP level 1. HP: 18/18 MP: 1/1
   442 | D:1      | Reached XP level 2. HP: 24/24 MP: 2/2
   734 | D:2      | Noticed a moth of wrath
   737 | D:2      | Found a bloodstained altar of Trog.
   773 | D:2      | Reached XP level 3. HP: 15/29 MP: 3/3
  1567 | D:2      | Found a faded altar of an unknown god.
  1736 | D:2      | Reached skill level 3 in Axes
  2007 | D:2      | Reached XP level 4. HP: 35/35 MP: 4/4
  2017 | D:2      | Found an ancient bone altar of Kikubaaqudgha.
  2591 | D:2      | Reached XP level 5. HP: 20/42 MP: 5/5
  3139 | D:3      | Reached skill level 4 in Axes
  3646 | D:3      | Reached XP level 6. HP: 7/48 MP: 6/6
  4027 | D:3      | Found a radiant altar of Vehumet.
  4221 | D:3      | Found a hazy altar of Hepliaklqana.
  5392 | D:5      | Entered Level 5 of the Dungeon
  5406 | D:4      | Reached skill level 5 in Axes
  5406 | D:4      | Reached XP level 7. HP: 55/55 MP: 7/7
  5551 | D:5      | Found Jesin's Weapon Shoppe.
  5699 | D:5      | Found Taehathu's General Store.
  5779 | D:5      | Noticed a hippogriff
  6288 | D:5      | Found Esetoblo's Armour Shop.
  6308 | D:5      | Reached skill level 5 in Shields
  6312 | D:5      | Reached skill level 6 in Axes
  6494 | D:5      | Reached skill level 5 in Fighting
  6494 | D:5      | Reached XP level 8. HP: 41/62 MP: 8/8
  6698 | D:5      | Found a runed translucent door.
  7054 | D:5      | Noticed Thomus's ghost (novice DECj)
  7385 | D:6      | Reached skill level 7 in Axes
  7494 | D:6      | Found an opulent altar of Gozag.
  7509 | D:6      | Became a worshipper of Gozag Ym Sagoz the Greedy
  7529 | D:6      | Found a staircase to the Ecumenical Temple.
  7676 | D:6      | Noticed Grinder
  7682 | D:6      | Paralysed by Grinder for 5 turns
  8296 | D:6      | Reached XP level 9. HP: 24/69 MP: 9/9
  8658 | D:6      | Found a shimmering blue altar of Sif Muna.
  8739 | D:6      | Noticed Sigmund
  8815 | D:7      | Found a white marble altar of Elyvilon.
  8815 | D:7      | Found a glowing silver altar of Zin.
  8871 | D:7      | Reached skill level 8 in Axes
  9119 | D:6      | HP: 2/69 [something/puff of flame (3)]
  9126 | D:6      | HP: 2/69 [poisoned by an orc]
  9134 | D:6      | HP: 2/69 [poisoned by an orc]
  9140 | D:6      | Killed from afar by Grinder

Levels and vault maps discovered:
D:1:      evilmike_arrival_crescent, layout_basic, hangedman_decor_peaks_small,
          roderic_filled_cross
D:2:      layout_loops_ring, tgw_trog, kennysheep_vampire_church, first_ration,
          chequers_ecumenical_altar_simple, minmay_misc_feat_more_columns
D:3:      layout_basic, vehumet_crystals, lemuel_crystal_altar
D:4:      layout_loops_cross
D:5:      layout_basic, serial_shops, nicolae_shop_statue_plus, kennysheep_mini,
          nicolae_shop_waterfront, ebering_ghost_reflecting_pool
D:6:      layout_gridville, lemuel_round_altar, minmay_temple_entry_junction,
          serial_glass, glass_columns_b, glass_columns_a, glass_columns_a,
          glass_columns_a, glass_columns_c, minmay_misc_feat_square,
          grunt_gozag_breadcrumbs, uniq_sigmund, uniq_grinder
D:7:      layout_loops_cross, ashenzari_conservatory_becter,
          chequers_temple_overflow_statue_of_worship, serial_shops,
          nicolae_shop_crystal, nicolae_lava_and_water

Skill      XL: |  1  2  3  4  5  6  7  8  9 |
---------------+----------------------------+-----
Axes           | 3 4 5 6 7 8 |  8.1
Fighting       | 4 5 6 |  6.2
Shields        | 4 5 6 |  6.3
Armour         | |  3.0

Action                   |  1- 3 |  4- 6 |  7- 9 || total
-------------------------+-------+-------+-------++-------
Melee: War axe           |   117 |    60 |   203 ||   380
       Flail             |       |   165 |    71 ||   236
Evoke: Wand              |       |       |     1 ||     1
  Use: Scroll            |       |    11 |     3 ||    14
 Stab: Distracted        |       |       |     1 ||     1
  Eat: Chunk             |     3 |     8 |     3 ||    14
       Ration            |       |     1 |     3 ||     4
Armor: Scale mail        |    79 |    87 |   133 ||   299
Dodge: Dodged            |    45 |    72 |    62 ||   179
Block: Shield            |    54 |   103 |   122 ||   279
